 Dungeon Crawl Stone Soup version 0.25.1-2-g60ff931df9 (webtiles) character file.

Game seed: 17821693047407203272

41 galacticnek0 the Gusty (level 3, -2/26 HPs)
             Began as a Draconian Air Elementalist on Oct 10, 2020.
             Slain by Sigmund
             ... wielding a +0 scythe
              (10 damage)
             ... on level 2 of the Dungeon.
             The game lasted 00:08:37 (1613 turns).

galacticnek0 the Gusty (Draconian Air Elementalist) Turns: 1613, Time: 00:08:38

Health: -2/26      AC:  8    Str: 10    XL:     3   Next: 32%
Magic:  6/6        EV: 12    Int: 16    God:
Gold:   50         SH:  0    Dex: 11    Spells: 5/6 levels left

rFire    . . .     SeeInvis .   d - +0 dagger
rCold    . . .     Gourm    .   (no shield)
rNeg     . . .     Faith    .   (armour unavailable)
rPois    .         Spirit   .   (helmet restricted)
rElec    .         Reflect  .   (no cloak)
rCorr    .         Harm     .   i - +2 pair of gloves
MR       .....                  (no boots)
Stlth    +.........             (no amulet)
HPRegen  0.08/turn              (no ring)
MPRegen  0.10/turn              (no ring)

@: confused, very slightly contaminated
A: unfitting armour, cold-blooded, AC +5
a: no special abilities


You were on level 2 of the Dungeon.
You were not hungry.

You visited 1 branch of the dungeon, and saw 2 of its levels.

You collected 50 gold pieces.

Inventory:

Hand Weapons
 d - a +0 dagger (weapon)
Missiles
 c - 58 stones (quivered)
 l - 28 poisoned darts
Armour
 i - a +2 pair of gloves (worn)
Scrolls
 e - 2 scrolls of identify
 h - a scroll of teleportation
 j - a scroll of enchant armour
Potions
 a - a potion of heal wounds
 f - a potion of might
 g - 2 potions of mutation
 k - a potion of flight {unknown}
Comestibles
 b - 4 rations


   Skills:
 * Level 0.1 Short Blades
 + Level 2.0 Dodging
 + Level 1.8 Stealth
 + Level 2.3 Spellcasting
 + Level 1.1 Conjurations
 * Level 3.8 Air Magic


You had 5 spell levels left.
You knew the following spells:

 Your Spells              Type           Power        Failure   Level  Hunger
a - Shock                 Conj/Air       #...         7%          1    #......

Your spell library contained the following spells:

 Spells                   Type           Power        Failure   Level  Hunger
 Swiftness                Chrm/Air       #.......     14%         2    ###....
 Static Discharge         Conj/Air       #.......     22%         3    ###....
 Airstrike                Air            ##........   38%         4    #####..
 Lightning Bolt           Conj/Air       #.........   89%         5    ######.


Dungeon Overview and Level Annotations

Branches:
Dungeon (2/15)

Altars:

Annotations:
D:2 Sigmund


Innate Abilities, Weirdness & Mutations

Your plain brown scales are hard. (AC +5)
You cannot fit into any form of body armour.
You are cold-blooded and may be slowed by cold attacks.


Message History

A magic dart appears from out of thin air!
The magic dart hits you.
You bump into the rock wall.
A puff of flame appears from out of thin air!
The puff of flame hits you!
You're too confused to move!
Something hits you. Something hits you.
You feel less confused.
Sigmund appears from thin air!
Reactivating autopickup.
Sigmund casts a spell at you.
You are confused.
You're too confused to cast spells.
Sorry, you're not good enough to have a special ability.
You're too confused to cast spells.
You bump into the rock wall.
You bump into the rock wall.
Sigmund hits you from afar with a +0 scythe!
You die...

#.# #.####..#.
#######.#####.##...###
..............##.#..#.
#.######.########.##...
#.# ###.# #.###.# #.#
#...# #.###.# #.# #@###
#...#.# #.# #.# #......
#.# ##@## #......
#.###...## ##.##.#
#.##.#.#.## #.##..
#.........# #.##..
####.#.#..# #.###.
##...#.## #.# ##
##.....# #.# # ####..#
#.# # #..##### #.# #


You could see Sigmund.

Vanquished Creatures
  2 adders (D:2)
  4 giant cockroaches
  2 goblins
  2 hobgoblins
  4 kobolds
  2 bats (D:1)
  3 frilled lizards (D:1)
  4 rats
23 creatures vanquished.

Notes
Turn   | Place    | Note
-------+----------+-------------------------------------------
     0 | D:1      | galacticnek0 the Draconian Air Elementalist began the quest
                  | for the Orb.
     0 | D:1      | Reached XP level 1. HP: 14/14 MP: 3/3
   312 | D:1      | Reached XP level 2. HP: 20/20 MP: 1/5
  1072 | D:2      | Reached XP level 3. HP: 26/26 MP: 3/6
  1582 | D:2      | Noticed Sigmund
  1613 | D:2      | Slain by Sigmund

Illustrated notes

Levels and vault maps discovered:
D:1:      lemuel_arrival_room, layout_basic
D:2:      layout_loops_ring, first_ration, minivault_25, uniq_sigmund

Skill      XL: |  1  2 |
---------------+-------+-----
Dodging        | 2 |  2.0
Short Blades   | |  0.1
Stealth        | |  1.8
Spellcasting   | |  2.3
Conjurations   | |  1.1
Air Magic      | |  3.8

Action                   || total
-------------------------++-------
Melee: Dagger            ||    20
       Unarmed           ||     7
       Tailslap          ||     2
 Cast: Shock             ||    40
  Use: Scroll            ||     6
       Potion            ||     4
  Eat: Chunk             ||     3
Armor: Skin              ||     9
Dodge: Dodged            ||    14
